 Dungeon Crawl Stone Soup version 0.28.0 (webtiles) character file.

Game seed: 17307127177511002470

350 zeram the Poker (level 6, -1/42 HPs)
             Began as an Octopode Fighter on Feb 14, 2022.
             Slain by an orc wizard (5 damage)
             ... on level 4 of the Dungeon.
             The game lasted 00:03:10 (3999 turns).

zeram the Poker (Octopode Fighter)                  Turns: 3999, Time: 00:03:11

Health: -1/42      AC:  1    Str: 15    XL:     6   Next: 61%
Magic:  6/6        EV: 13    Int: 12    God:
Gold:   168        SH:  4    Dex: 12    Spells: 5/5 levels left

rFire   . . .      SeeInvis .   a - +0 trident
rCold   . . .      Faith    .   b - +0 buckler
rNeg    . . .      Spirit   .   (helmet restricted)
rPois   .          Reflect  .   (no amulet)
rElec   .          Harm     .   (no ring)
rCorr   .          Rampage  .   (no ring)
Will    .....                   (no ring)
Stlth   ++........              (no ring)
HPRegen 0.14/turn               (no ring)
MPRegen 0.10/turn               (no ring)
                                (no ring)
                                (no ring)

@: no status effects
A: almost no armour, amphibious, 8 rings, camouflage 1, gelatinous body 1,
(nimble swimmer 1), tentacles
a: no special abilities


You were on level 4 of the Dungeon.
You visited 1 branch of the dungeon, and saw 4 of its levels.

You collected 168 gold pieces.

Inventory:

Hand Weapons
 a - a +0 trident (weapon)
Armour
 b - a +0 buckler (worn)
Scrolls
 c - a scroll of enchant weapon {unknown}
 g - 3 scrolls of teleportation
 m - a scroll of amnesia
Potions
 d - a potion of attraction {unknown}
 e - a potion of lignification {unknown}
 f - a potion of invisibility {unknown}
 h - 3 potions of curing
 i - a potion of heal wounds {unknown}
 k - a potion of berserk rage {unknown}


   Skills:
 - Level 3.2 Fighting
 + Level 5.8 Polearms
 + Level 3.7 Dodging
 - Level 0.8 Stealth
 + Level 3.7 Shields


You had 5 spell levels left.
You didn't know any spells.
Your spell library contained the following spells:

 Spells                   Type           Power      Damage    Failure   Level
 Call Canine Familiar     Summ           0%         N/A       78%         3
 Confusing Touch          Hex            0%         N/A       78%         3
 Portal Projectile        Hex/Tloc       0%         N/A       78%         3
 Leda's Liquefaction      Hex/Erth       0%         N/A       99%         4
 Yara's Violent Unravell  Hex/Tmut       0%         3d3       100%        5
 Enfeeble                 Hex            0%         N/A       100%        7


Dungeon Overview and Level Annotations

Branches:
Dungeon (4/15)
 Temple: D:4-7

Altars:

Annotations:
D:4 1 runed translucent door, pdpol's ghost, amateur GrEE


Innate Abilities, Weirdness & Mutations

You cannot wear most types of armour.
You are amphibious.
You can wear up to eight rings at the same time.
Your skin changes colour to match your surroundings (Stealth+).
Your rubbery body absorbs attacks. (AC +1, EV +1)
((You are camouflaged when in or above water. (Stealth+)))
You have tentacles for arms and can constrict up to eight enemies at once.


Message History

You constrict the orc. The orc misses you.
You puncture the orc!
You kill the orc!
You barely miss the endoplasm.
The endoplasm hits you but does no damage.
You puncture the orc!
You kill the orc!
A magic dart appears from out of thin air!
The magic dart hits you! The endoplasm freezes you.
You are frozen.
You hit the endoplasm. You squeeze the endoplasm.
You kill the endoplasm!
Unknown command.
Something hits you.
Items here: )) [[ †.
You reach to attack!
You hit the orc but do no damage. Something hits you.
You are too injured to fight recklessly!
Unknown command.
You are too injured to fight recklessly!
You are too injured to fight recklessly!
Unknown command.
You closely miss something. Something hits you.
You puncture something! Something hits you.
You closely miss something.
You hear some strange, mumbled words.
You are confused.
You closely miss something. Something hits you.
You bump into the rock wall.
Something barely misses you.
You completely miss something. Your squeeze misses something.
Something hits you.
You closely miss something. Your squeeze misses something.
You hear some strange, mumbled words.
A puff of flame appears from out of thin air!
The puff of flame hits you!
* * * LOW HITPOINT WARNING * * *
You bump into the rock wall.
You feel less confused. Something hits you.
You die...

.#.#.#.#.#.#.#.#.#.#
#.###.###.###.###..#
.#.#.#.#.#.#.#.#.#.#
#.#.#.#.#.#.#.#.#..#
##################.#
#.# ##.#
########..#####
.....o{@........#
#########.#######
#.# #.# #.. ###


You could see an orc.

Vanquished Creatures
  A gnoll sergeant (D:4)
  A scorpion (D:4)
  A water moccasin skeleton (D:4)
  6 gnolls
  3 adders
  5 worms
  3 dart slugs
  8 orcs
  6 endoplasms
  3 giant cockroaches
  8 goblins
  2 hobgoblins
  3 jackals (D:3)
  5 kobolds
  3 quokkas
  5 ball pythons
  2 bats (D:3)
  2 frilled lizards
  4 rats
71 creatures vanquished.

Notes
Turn   | Place    | Note
-------+----------+-------------------------------------------
     0 | D:1      | zeram the Octopode Fighter began the quest for the Orb.
     0 | D:1      | Reached XP level 1. HP: 16/16 MP: 1/1
   276 | D:1      | Reached XP level 2. HP: 21/21 MP: 2/2
   925 | D:2      | Reached XP level 3. HP: 16/26 MP: 3/3
  1090 | D:2      | Found a faded altar of an unknown god.
  1753 | D:2      | Reached skill level 3 in Polearms
  1753 | D:2      | Reached XP level 4. HP: 20/31 MP: 4/4
  2740 | D:3      | Reached XP level 5. HP: 36/36 MP: 5/5
  2775 | D:3      | Reached skill level 4 in Polearms
  2987 | D:4      | Found a runed translucent door.
  2987 | D:4      | Noticed pdpol's ghost (amateur GrEE)
  3018 | D:4      | Reached skill level 5 in Polearms
  3018 | D:4      | Reached XP level 6. HP: 17/42 MP: 6/6
  3999 | D:4      | Slain by an orc wizard

Illustrated notes

Levels and vault maps discovered:
D:1:      scummos_arrival_hexagon, layout_loops_ring
D:2:      layout_rooms, hellmonk_ecumenical_altar_blasted, minmay_pentomino_p4
D:3:      layout_loops_corners
D:4:      layout_basic, minmay_temple_entry_enclosed_plants,
          hellmonk_ghost_happy_afterlife, roderic_roman_lattice,
          chequers_garden, nicolae_wormholes

Skill      XL: |  1  2  3  4  5 |
---------------+----------------+-----
Polearms       | 3 5 |  5.8
Fighting       | |  3.2
Dodging        | |  3.7
Stealth        | |  0.8
Shields        | |  3.7

Action                   |  1- 3 |  4- 6 || total
-------------------------+-------+-------++-------
Melee: Trident           |    61 |   119 ||   180
       Tentacles         |    10 |    13 ||    23
       Constrict         |    11 |    18 ||    29
       Punch             |       |     3 ||     3
  Use: Scroll            |     2 |     4 ||     6
       Potion            |       |     2 ||     2
 Stab: Sleeping          |     7 |    10 ||    17
Armor: Skin              |     2 |     6 ||     8
Dodge: Dodged            |    15 |    38 ||    53
Block: Buckler           |     3 |    10 ||    13
